Map: Submarine LE

Players

Ben

  • Race: Protoss Protoss
  • League: Platinum
  • Spawn Location: 11:00

ViBE - Winner!

  • Race: Zerg Zerg
  • League: Platinum
  • Spawn Location: 5:00

VOD

Have the link to the VOD?

Description

Time

  • Played on: March 26, 2021, 9:57 p.m.
  • Length: 9:51
Show
View Real Time Build Order
Export as new Build Order

Ben Protoss 

Build Orders: Dark Templar Rush 

Get SALT Encoding   

  12  0:00  Probe (Chrono Boost)  
  13  0:10  Probe (Chrono Boost)  
  14  0:18  Pylon  
  14  0:21  Probe  
  15  0:36  Gateway  
  15  0:39  Probe  
  16  0:51  Gateway  
  16  0:56  Probe  
  17  1:01  Assimilator  
  17  1:06  Assimilator  
  17  1:10  Probe (Chrono Boost)  
  18  1:20  Probe (Chrono Boost)  
  18  1:25  Cybernetics Core  
  19  1:31  Probe  
  20  1:39  Pylon  
  20  1:46  Zealot  
  22  1:57  Zealot  
  25  2:08  Twilight Council  
  24  2:12  Probe (Chrono Boost)  
  25  2:20  Probe (Chrono Boost)  
  26  2:25  Stalker  
  26  2:28  Probe  
  29  2:40  Probe  
  30  2:48  Dark Shrine  
  30  2:52  Probe  
  30  2:54  Warp Gate  
  31  3:00  Gateway  
  31  3:26  Nexus  
  31  3:40  Pylon  
  31  3:44  Gateway  
  31  3:55  Shadow Stride (Chrono Boost)  
  31  3:56  Gateway  
  31  3:58  Probe  
  32  4:09  Assimilator  
  32  4:10  Probe  
  32  4:16  Assimilator  
  33  4:22  Probe  
  34  4:31  Pylon  
  34  4:34  Probe  
  34  4:38  Probe  
  35  4:46  Probe  
  35  4:50  Probe  
  37  4:58  Probe  
  38  5:01  Dark Templar x2  
  38  5:02  Probe  
  43  5:07  Dark Templar  
  43  5:10  Probe  
  43  5:13  Dark Templar  
  48  5:20  Dark Templar  
  50  5:22  Probe  
  50  5:25  Probe  
  52  5:34  Probe  
  53  5:36  Pylon  
  53  5:37  Probe  
  54  5:46  Probe  
  54  5:49  Probe  
  48  6:14  Dark Templar  
  48  6:15  Dark Templar x4  
  48  6:17  Probe x2  
  58  6:24  Forge  
  58  6:29  Probe  
  49  6:47  Probe x2  
  49  6:49  Dark Templar x3  
  49  6:50  Dark Templar  
  59  6:59  Probe x2  
  61  7:11  Probe  
  54  7:44  Dark Templar  
  54  7:45  Dark Templar x4  
  54  7:49  Probe x2  
  66  8:01  Probe x2  
  68  8:10  Nexus  
  58  8:30  Dark Templar  
  58  8:31  Dark Templar x3  
  66  8:44  Stargate  
  60  9:10  Dark Templar x2  
  63  9:18  Probe (Chrono Boost)  
  63  9:24  Probe (Chrono Boost), Assimilator  
  63  9:26  Assimilator  
  63  9:28  Dark Templar  
  63  9:29  Pylon  
  66  9:33  Dark Templar  
  66  9:34  Probe (Chrono Boost)  
  69  9:39  Probe (Chrono Boost)  
Show
View Real Time Build Order
Export as new Build Order

ViBE Zerg - Winner!

Build Orders: Hatch First 

Get SALT Encoding   

  12  0:00  Drone  
  13  0:13  Overlord  
  13  0:18  Drone  
  14  0:33  Drone x2  
  16  0:49  Hatchery  
  15  0:54  Drone  
  15  0:55  Drone  
  17  0:59  Drone  
  18  1:12  Spawning Pool  
  18  1:16  Drone  
  18  1:19  Drone  
  19  1:29  Drone  
  20  1:33  Extractor  
  19  1:42  Overlord  
  19  2:01  Drone x2, Queen x2  
  21  2:07  Drone  
  26  2:14  Drone x2  
  28  2:19  Spine Crawler  
  27  2:23  Drone x2  
  29  2:35  Overlord  
  29  2:37  Drone  
  29  2:42  Lair  
  29  2:43  Queen  
  32  2:48  Drone x2  
  34  2:57  Overlord  
  34  3:00  Drone  
  35  3:07  Drone  
  35  3:08  Drone  
  37  3:13  Drone  
  37  3:14  Drone x5  
  37  3:19  Overlord  
  43  3:24  Roach Warren  
  42  3:28  Evolution Chamber  
  41  3:34  Drone x3  
  44  3:46  Drone x7  
  51  3:50  Extractor  
  51  3:51  Extractor  
  49  4:02  Hatchery  
  48  4:03  Overlord  
  48  4:04  Overlord  
  48  4:10  Glial Reconstitution  
  48  4:11  Zerg Missile Weapons Level 1  
  48  4:13  Roach  
  50  4:27  Roach x6  
  62  4:33  Queen  
  64  4:39  Overlord  
  64  4:40  Overlord  
  64  4:46  Drone x2  
  64  4:47  Drone  
  67  4:55  Overlord  
  67  4:57  Drone x7  
  74  5:09  Drone x2  
  74  5:13  Hydralisk Den  
  75  5:17  Drone x3  
  75  5:18  Evolution Chamber  
  77  5:23  Extractor  
  76  5:30  Drone x4  
  76  5:31  Drone x3  
  76  5:35  Extractor x2  
  81  5:49  Overseer  
  81  5:54  Hydralisk x9  
  93  6:11  Muscular Augments  
  89  6:14  Queen  
  89  6:15  Hatchery  
  90  6:22  Drone x2  
  90  6:24  Spore Crawler  
  91  6:26  Spine Crawler  
  91  6:27  Spine Crawler  
  91  6:28  Spore Crawler  
  91  6:31  Spine Crawler  
  87  6:41  Drone x5  
  87  6:42  Overlord  
  87  6:46  Overlord x3  
  92  7:14  Hatchery  
  91  7:20  Extractor  
  91  7:22  Grooved Spines  
  90  7:23  Drone x3  
  90  7:24  Drone x5  
  96  7:38  Spine Crawler  
  95  7:45  Spine Crawler  
  95  7:51  Spore Crawler  
  93  7:53  Spine Crawler  
  93  7:54  Drone  
  93  7:57  Drone x2, Spine Crawler  
  94  8:03  Drone x2  
  94  8:04  Drone, Infestation Pit  
  94  8:05  Drone x3  
  99  8:14  Drone  
  98  8:26  Drone, Spore Crawler  
  96  8:27  Drone x2  
  96  8:31  Hydralisk x10  
  118  8:49  Hydralisk  
  118  8:53  Drone  
  118  8:54  Drone x5  
  126  9:14  Drone, Spine Crawler  
  126  9:15  Drone, Spine Crawler  
  126  9:18  Drone x6  
  126  9:19  Drone  
  133  9:25  Spine Crawler x2, Spore Crawler  
  130  9:34  Drone x6  
  130  9:38  Extractor  
  135  9:39  Extractor  
Tags
 
Matchup
PvZ
Player
ViBE
Replay Pack
Gold_League
Spawn Locations
Cross Positions
Add a new tag
Caveats
  • Supply blocks, unpowered buildings, or Contaminate may cause inaccurate times.
  • Supply counts are checked every 10 seconds.